 Dungeon Crawl Stone Soup version 0.29-a0-323-g050149af67 (webtiles) character file.

Game seed: 9717051816355735342

2472 Jortsu the Grappler (level 9, -2/124 HPs)
             Began as a Troll Hunter on Apr 11, 2022.
             Was a Priest of Trog.
             Slain by a 12-headed hydra (8 damage)
             ... on level 7 of the Dungeon.
             The game lasted 00:10:09 (5228 turns).

Jortsu the Grappler (Troll Hunter)                  Turns: 5228, Time: 00:10:10

Health: -2/124     AC:  6    Str: 23    XL:     9   Next: 26%
Magic:  8/8        EV: 11    Int:  5    God:    Trog [***...]
Gold:   248        SH:  0    Dex: 15    Spells: 8/8 levels left

rFire   . . .      SeeInvis +     - Unarmed
rCold   . . .      Faith    .   (no shield)
rNeg    + . .      Spirit   .   b - +1 robe
rPois   .          Reflect  .   (helmet restricted)
rElec   .          Harm     .   u - +0 cloak
rCorr   .          Rampage  .   (gloves unavailable)
Will    .....                   (boots unavailable)
Stlth   ..........              (no amulet)
HPRegen 1.10/turn               f - ring of positive energy
MPRegen 0.11/turn               w - ring of see invisible

@: berserking, very quick
A: large, unfitting armour, claws 3, regeneration 1, shaggy fur 1, tough skin 1
a: Renounce Religion, Berserk, Trog's Hand


You were on level 7 of the Dungeon.
You worshipped Trog.
Trog was most pleased with you.
You visited 1 branch of the dungeon, and saw 7 of its levels.
You also visited: Sewer.

You collected 248 gold pieces.

Inventory:

Hand Weapons
 a - a +2 hunting sling
Armour
 b - a +1 robe (worn)
 u - a +0 cloak (worn)
Jewellery
 f - a ring of positive energy (left claw)
 o - a ring of resist corrosion
 p - a +4 ring of evasion
 r - an amulet of magic regeneration
 w - a ring of see invisible (right claw)
Wands
 j - a wand of flame (38)
 q - a wand of paralysis (6)
 x - a wand of iceblast (11)
Scrolls
 c - 3 scrolls of immolation
 n - a scroll of enchant weapon
 s - a scroll of silence
 v - a scroll of identify
Potions
 d - 2 potions of attraction {unknown}
 e - 6 potions of curing
 g - 2 potions of ambrosia
 h - 6 potions of heal wounds {unknown}
 i - 3 potions of haste
 k - 2 potions of brilliance {unknown}
 l - a potion of magic {unknown}
 m - 2 potions of might {unknown}
 t - a potion of cancellation {unknown}


   Skills:
 + Level 3.2 Fighting
 + Level 3.3 Slings
 + Level 4.7 Dodging
 + Level 2.7 Stealth
 + Level 9.3 Unarmed Combat


You had 8 spell levels left.
You didn't know any spells.
Your spell library contained the following spells:

 Spells                   Type           Power      Damage    Failure   Level
 Blink                    Tloc           0%         N/A       63%         2
 Gell's Gravitas          Tloc           0%         N/A       85%         3
 Teleport Other           Tloc           0%         N/A       85%         3
 Manifold Assault         Tloc           0%         N/A       100%        5
 Dispersal                Tloc           0%         N/A       100%        6
 Storm Form               Tmut/Air       0%         N/A       100%        7


Dungeon Overview and Level Annotations

Branches:
Dungeon (7/15)             Temple (0/1) D:4           Sewer (visited)

Altars:
Trog

Shops:
D:1 (   D:3 [

Annotations:
D:5 3 runed translucent doors, P0WERM0DE's ghost, amateur DsAK; nuaici's ghost, amateur MiFi


Innate Abilities, Weirdness & Mutations

You are too large for most types of armour.
You have claws for hands.
Your natural rate of healing is unusually fast.
You are covered in fur. (AC +1)
You have tough skin. (AC +1)


Message History

You can no longer call in reinforcements.
You feel a strong urge to attack something.
You claw one of the seven-headed hydra's heads off!
The six-headed hydra grows two more!
You claw the eight-headed hydra!
The eight-headed hydra is lightly wounded.
You tear one of the eight-headed hydra's heads off!
The seven-headed hydra grows two more!
You claw the nine-headed hydra!
The nine-headed hydra is lightly wounded.
The nine-headed hydra bites you! The nine-headed hydra bites you. x3
The nine-headed hydra bites you but does no damage.
The nine-headed hydra bites you. The nine-headed hydra bites you!
The nine-headed hydra bites you. The nine-headed hydra bites you!
You claw one of the nine-headed hydra's heads off!
The eight-headed hydra grows two more!
You claw the ten-headed hydra!
The ten-headed hydra is moderately wounded.
You rip one of the ten-headed hydra's heads off!
The nine-headed hydra grows two more!
You claw the 11-headed hydra!
The 11-headed hydra is moderately wounded.
The 11-headed hydra bites you. The 11-headed hydra bites you! x2
The 11-headed hydra bites you but does no damage.
The 11-headed hydra closely misses you. The 11-headed hydra barely misses you.
The 11-headed hydra bites you but does no damage.
The 11-headed hydra bites you. The 11-headed hydra closely misses you.
The 11-headed hydra bites you. The 11-headed hydra barely misses you.
You tear one of the 11-headed hydra's heads off!
The ten-headed hydra grows two more!
You mangle the 12-headed hydra!!
The 12-headed hydra is heavily wounded.
The 12-headed hydra bites you!
* * * LOW HITPOINT WARNING * * *
The 12-headed hydra closely misses you. The 12-headed hydra bites you!
* * * LOW HITPOINT WARNING * * *
The 12-headed hydra bites you.
* * * LOW HITPOINT WARNING * * *
The 12-headed hydra completely misses you.
The 12-headed hydra bites you!
* * * LOW HITPOINT WARNING * * *
The 12-headed hydra bites you but does no damage.
The 12-headed hydra completely misses you.
The 12-headed hydra bites you!
You die...

##.## #.# ..# #..# #.#
....# ##.# #.# #.../#####
#.# #.# .........# #.## #.#
...#....# #..# #.# ##.....#
##.####.###
###......#########.........
#.......JD@..........##.###
..#......##..........##.# #
#........##..........##.# #
####.....##........#.##.# #
.....##########'##.##.# #
###### #.##..#.# #
#.##....# # #.###...###
####.# #......


You could see a 12-headed hydra and a jelly.

Vanquished Creatures
  Eustachio (D:6)
  3 steam dragons
  Menkaure (D:6)
  2 sky beasts
  A phantom (D:7)
  A bullfrog (D:5)
  A gnoll sergeant (D:7)
  2 scorpions
  6 wights (D:6)
  A necrophage (D:4)
  4 jellies
  2 hounds
  4 orc priests
  Ijyb (D:5)
  6 iguanas
  4 orc wizards
  15 gnolls
  9 adders
  2 river rats
  3 worms
  2 dart slugs
  20 orcs
  6 bats
  13 endoplasms
  6 giant cockroaches
  8 goblins
  5 hobgoblins
  3 quokkas
  9 ball pythons
  3 frilled lizards (D:1)
  3 kobolds
  12 rats
159 creatures vanquished.

Vanquished Creatures (others)
  5 withered plants (D:5)
5 creatures vanquished.

Grand Total: 164 creatures vanquished

Notes
Turn   | Place    | Note
-------+----------+-------------------------------------------
     0 | D:1      | Jortsu the Troll Hunter began the quest for the Orb.
     0 | D:1      | Reached XP level 1. HP: 19/19 MP: 0/0
    85 | D:1      | Reached XP level 2. HP: 27/27 MP: 1/1
   278 | D:1      | Found Juil's Antique Weapon Boutique.
   735 | D:2      | Reached XP level 3. HP: 26/33 MP: 2/2
   896 | D:2      | Found a faded altar of an unknown god.
   905 | D:2      | Prayed at the altar of an unknown god.
   905 | D:2      | Became a worshipper of Trog the Wrathful
   905 | D:2      | Reached * piety under Trog
  1379 | D:3      | Reached skill level 1 in Stealth
  1379 | D:3      | Reached skill level 1 in Unarmed Combat
  1379 | D:3      | Reached XP level 4. HP: 18/41 MP: 3/3
  1517 | D:3      | Found Namiek's Armour Boutique.
  1520 | D:3      | Reached skill level 2 in Unarmed Combat
  1569 | D:3      | Reached ** piety under Trog
  1662 | D:3      | Reached XP level 5. HP: 30/49 MP: 4/4
  2070 | D:4      | Reached skill level 3 in Unarmed Combat
  2130 | D:4      | Found a glowing drain.
  2134 | Sewer    | Entered a sewer
  2163 | Sewer    | Reached XP level 6. HP: 57/57 MP: 5/5
  2235 | Sewer    | Reached *** piety under Trog
  2303 | Sewer    | Reached skill level 4 in Unarmed Combat
  2311 | Sewer    | Found a shimmering altar of Xom.
  2701 | D:4      | Found a staircase to the Ecumenical Temple.
  2873 | D:4      | Reached skill level 5 in Unarmed Combat
  3061 | D:5      | Entered Level 5 of the Dungeon
  3080 | D:5      | Reached XP level 7. HP: 48/63 MP: 6/6
  3143 | D:5      | Found a runed translucent gate.
  3143 | D:5      | Found a runed translucent gate.
  3143 | D:5      | Found a runed translucent gate.
  3144 | D:5      | Noticed nuaici's ghost (amateur MiFi)
  3145 | D:5      | Noticed P0WERM0DE's ghost (amateur DsAK)
  3211 | D:5      | Found a bloodstained altar of Trog.
  3224 | D:5      | Reached skill level 6 in Unarmed Combat
  3349 | D:5      | Noticed Ijyb
  3362 | D:5      | Killed Ijyb
  3772 | D:6      | Noticed a steam dragon
  3781 | D:6      | Killed a steam dragon
  3782 | D:6      | Reached XP level 8. HP: 28/74 MP: 7/7
  3984 | D:6      | Reached skill level 7 in Unarmed Combat
  4158 | D:6      | Noticed Eustachio
  4164 | D:6      | Killed Eustachio
  4366 | D:6      | Reached skill level 8 in Unarmed Combat
  4494 | D:6      | Noticed Menkaure
  4502 | D:6      | Killed Menkaure
  4540 | D:6      | Reached XP level 9. HP: 45/81 MP: 8/8
  4547 | D:6      | Reached **** piety under Trog
  4978 | D:7      | Reached skill level 9 in Unarmed Combat
  5214 | D:7      | Noticed a seven-headed hydra
  5215 | D:7      | Noticed a cyan ugly thing
  5228 | D:7      | HP: 6/124 [12-headed hydra (7)]
  5228 | D:7      | Slain by a 12-headed hydra

Illustrated notes

Levels and vault maps discovered:
D:1:      minmay_arrival_doors, layout_loops_ring, serial_shops,
          nicolae_diamond_shop, st_stairs_10, minivault_26, moated_statue,
          minmay_domino_2
D:2:      layout_loops_ring, chequers_ecumenical_altar_simple_redux
D:3:      layout_basic, serial_shops, shop
D:4:      layout_basic, minmay_temple_entry_gardened_gates,
          lightli_sewer_entry_pipes
D:5:      layout_rooms, trog_three_pillars_becter, gammafunk_ghost_cemetery,
          uniq_ijyb
D:6:      layout_gridville, uniq_eustachio, uniq_menkaure
D:7:      layout_basic, serial_shops, nicolae_shop_window_shopping,
          minmay_manual_moon

Skill      XL: |  1  2  3  4  5  6  7  8  9 |
---------------+----------------------------+-----
Slings         | 3 |  3.3
Stealth        | 1 2 |  2.7
Unarmed Combat | 1 2 3 5 6 8 9 |  9.3
Dodging        | 2 3 4 |  4.7
Fighting       | 2 3 |  3.2

Action                   |  1- 3 |  4- 6 |  7- 9 || total
-------------------------+-------+-------+-------++-------
Melee: Unarmed           |    94 |   184 |   159 ||   437
       Punch             |       |     5 |     9 ||    14
Invok: Berserk           |       |       |     4 ||     4
  Use: Scroll            |     3 |     3 |     5 ||    11
 Stab: Sleeping          |     2 |    10 |     1 ||    13
Armor: Robe              |    32 |    47 |    54 ||   133
Dodge: Dodged            |    46 |    65 |    79 ||   190

Table legend: (Time is in decaauts)
 A = Elapsed time spent in this place.
 B = Non-inter-level travel time spent in this place.
 C = Inter-level travel time spent in this place.
 D = Time resting spent in this place.
 E = Time spent auto-exploring this place.
 F = Levels seen in this place.
 G = Mean time per level.
                   A        B        C        D        E       F      G
               +--------+--------+--------+--------+--------+-----+--------+
         Total |   5283 |   5147 |    136 |    604 |   3171 |   8 |  660.4 |
       Dungeon |   4991 |   4855 |    136 |    604 |   3075 |   7 |  713.0 |
         Sewer |    292 |    292 |      0 |      0 |     96 |   1 |  292.0 |
               +--------+--------+--------+--------+--------+-----+--------+

Top non-repeatable levels by time:
     D:6: 1051 daAuts
     D:4: 848 daAuts
     D:3: 688 daAuts
     D:5: 686 daAuts
     D:1: 659 daAuts
     D:2: 623 daAuts
     D:7: 433 daAuts
   Sewer: 292 daAuts
